 Dungeon Crawl Stone Soup version 0.23.1 (webtiles) character file.

Game seed: 16722814818605044485

422 Borgoz the Skirmisher (level 6, 0/52 HPs)
             Began as a Ghoul Monk on Mar 16, 2019.
             Slain by an ogre
             ... wielding a +0 giant club
              (16 damage)
             ... on level 4 of the Dungeon.
             The game lasted 00:07:27 (2798 turns).

Borgoz the Skirmisher (Ghoul Monk)                  Turns: 2798, Time: 00:07:28

Health: 0/52       AC:  6    Str: 14 (15) XL:     6   Next: 95%
Magic:  14/14      EV: 10    Int:  5 (6)  God:
Gold:   260        SH:  2    Dex: 11 (12) Spells: 5/5 levels left

rFire    . . .     SeeInvis .   a - +1 dagger (venom)
rCold    + . .     Gourm    .   (no shield)
rNeg     + + +     Faith    .   r - +0 scale mail
rPois    ∞         Spirit   .   (no helmet)
rElec    .         Reflect  +   (no cloak)
rCorr    +         Harm     .   (no gloves)
MR       .....                  (no boots)
Stlth    +.........             n - +2 amulet of reflection
HPRegen  0.00/turn              d - ring of magical power
MPRegen  0.14/turn              B - ring of resist corrosion

@: rotting
A: rotting body, claws 1, carnivore, cold resistance 1, negative energy
resistance 3, inhibited regeneration, torment resistance, unbreathing
a: no special abilities


You were on level 4 of the Dungeon.
You were not hungry.

You visited 1 branch of the dungeon, and saw 4 of its levels.

You collected 260 gold pieces.

Inventory:

Hand Weapons
 a - a +1 dagger of venom (weapon)
 b - a +0 blowgun
 z - a +1 dagger of protection
Missiles
 s - 9 tomahawks (quivered)
 w - 21 poisoned needles
Armour
 r - a +0 scale mail (worn)
Jewellery
 d - a ring of magical power (left claw)
 n - a +2 amulet of reflection (around neck)
 B - a ring of resist corrosion (right claw)
Wands
 x - a wand of paralysis (9)
Scrolls
 e - 2 scrolls of fear {unknown}
 g - 2 scrolls of remove curse
 l - a scroll of blinking {unknown}
 m - 2 scrolls of enchant armour {unknown}
 q - 2 scrolls of fog {unknown}
 u - a scroll of random uselessness {unknown}
 y - 2 scrolls of teleportation
 A - 2 scrolls of immolation {unknown}
Potions
 h - 2 potions of heal wounds
 j - 4 potions of flight
 p - a potion of agility
 t - a potion of haste
 C - 2 potions of brilliance
Comestibles
 c - 11 rations


   Skills:
 + Level 4.2 Fighting
 * Level 4.1 Short Blades
 * Level 2.9 Armour
 * Level 4.1 Dodging
 + Level 3.5 Stealth


You had 5 spell levels left.
You didn't know any spells.
Your spell library was empty.

Dungeon Overview and Level Annotations

Branches:
Dungeon (4/15)
 Temple: D:4-7

Altars:
Elyvilon
Qazlal
Uskayaw

Annotations:
D:4 Pikel


Innate Abilities, Weirdness & Mutations

Your body is rotting away.
You thrive on raw meat.
You are immune to poison.
You have sharp fingernails.
You are carnivorous and can eat meat at any time.
Your flesh is cold resistant. (rC+)
You are immune to negative energy. (rN+++)
You do not regenerate when monsters are visible.
You are immune to unholy pain and torment.
You can survive without breathing.


Message History

The adder skeleton bites you.
The adder skeleton bites you but does no damage.
There is a stone staircase leading up here.
You hit the slave but do no damage.
The slave is poisoned.
The slave hits you but does no damage. The slave hits you.
You hit the slave but do no damage.
The slave is poisoned.
The adder skeleton closely misses you. The slave barely misses you.
The slave closely misses you.
You barely miss the slave. The worker ant bites you.
The adder skeleton bites you. The slave hits you. The worker ant bites you.
The slave hits you. The adder bites you.
An ogre comes into view. It is wielding a +0 giant club.
The ogre shouts!
The adder closely misses you. The adder skeleton barely misses you.
You see here 13 stones.
An ogre comes into view. It is wielding a +0 giant spiked club.
The ogre hits you with a +0 giant club! The adder bites you.
The ogre hits you with a +0 giant club!
You die...

.............................#.
.
...#..........................
..#.#...<..##..................
.................#..#.##.#..##
..........(...........##......
.#.......pp..p.....#..##.#..#
#........#.aS#.............#
#........#.OK#..###.......###
#........#.Z@#.. #..##.#....
#................##..##)#.###
................###..##.#.#
............#..# #..####.#
....###O#..# #..# #.# ..#.
..#..# #.# #.# ... ... .# #....
. ... .. ..... ######


You could see Pikel, 2 ogres, 3 slaves, a worker ant, an adder and an adder
skeleton.

Vanquished Creatures
  Sigmund (D:4)
  A slave (D:4)
  A hound (D:4)
  An orc wizard (D:3)
  A bullfrog skeleton (D:4)
  2 worker ants
  4 adders
  3 oozes
  2 worms
  A dart slug (D:2)
  4 leopard geckos
  4 orcs (D:3)
  6 giant cockroaches
  12 goblins
  2 hobgoblins (D:3)
  2 jackals (D:1)
  6 kobolds
  A quokka (D:4)
  2 ball pythons (D:4)
  6 bats
  2 frilled lizards (D:1)
  7 rats
71 creatures vanquished.

Vanquished Creatures (others)
  A leopard gecko (D:3)
1 creature vanquished.

Grand Total: 72 creatures vanquished

Notes
Turn   | Place    | Note
-------+----------+-------------------------------------------
     0 | D:1      | Borgoz the Ghoul Monk began the quest for the Orb.
     0 | D:1      | Reached XP level 1. HP: 19/19 MP: 0/0
   248 | D:1      | Reached XP level 2. HP: 22/26 MP: 1/1
   641 | D:1      | Reached skill level 1 in Armour
   641 | D:1      | Reached XP level 3. HP: 29/31 MP: 2/2
  1290 | D:2      | Found a white marble altar of Elyvilon.
  1500 | D:3      | Reached XP level 4. HP: 35/37 MP: 3/3
  1627 | D:3      | Reached XP level 5. HP: 43/46 MP: 4/4
  1807 | D:3      | Found a hide-covered altar of Uskayaw.
  1934 | D:3      | Found a stormy altar of Qazlal.
  2392 | D:4      | Noticed Sigmund
  2406 | D:4      | Killed Sigmund
  2406 | D:4      | Reached XP level 6. HP: 41/52 MP: 5/5
  2508 | D:4      | Noticed Pikel
  2508 | D:4      | Noticed a slave
  2513 | D:4      | Noticed a slave
  2516 | D:4      | Noticed a slave
  2518 | D:4      | Noticed a slave
  2525 | D:4      | Killed a slave
  2798 | D:4      | Slain by an ogre

Skill      XL: |  1  2  3  4  5 |
---------------+----------------+-----
Short Blades   | 3 4 |  4.1
Dodging        | 3 4 |  4.1
Armour         | 1 2 |  2.9
Stealth        | 3 |  3.5
Fighting       | 4 |  4.2

Action                   |  1- 3 |  4- 6 || total
-------------------------+-------+-------++-------
Melee: Dagger            |    87 |   174 ||   261
       Short sword       |     3 |       ||     3
  Use: Scroll            |       |     9 ||     9
       Potion            |       |     2 ||     2
 Stab: Sleeping          |     4 |       ||     4
  Eat: Chunk             |     5 |    11 ||    16
Armor: Robe              |     7 |       ||     7
       Scale mail        |     6 |    55 ||    61
Dodge: Dodged            |    51 |    98 ||   149
Block: Other             |     1 |     7 ||     8
       Reflection        |       |     1 ||     1
